 Dungeon Crawl Stone Soup version 0.28-a0-1493-g08698888e4 (webtiles) character file.

Game seed: 12542816229273568297

256 Grognak the Skirmisher (level 6, 0/43 HPs)
             Began as an Octopode Fighter on Jan 12, 2022.
             Slain by an ice beast (3 damage)
             ... on level 3 of the Dungeon.
             The game lasted 00:04:09 (2709 turns).

Grognak the Skirmisher (Octopode Fighter)           Turns: 2709, Time: 00:04:10

Health: 0/43       AC:  1    Str: 16    XL:     6   Next: 16%
Magic:  6/6        EV: 14    Int: 10    God:
Gold:   158        SH:  5    Dex: 13    Spells: 5/5 levels left

rFire   . . .      SeeInvis .   a - +1 rapier
rCold   . . .      Faith    .   b - +0 buckler
rNeg    . . .      Spirit   .   (helmet restricted)
rPois   .          Reflect  .   (no amulet)
rElec   .          Harm     .   (no ring)
rCorr   .          Rampage  .   (no ring)
Will    .....                   (no ring)
Stlth   +++.......              (no ring)
HPRegen 0.14/turn               (no ring)
MPRegen 0.10/turn               (no ring)
                                (no ring)
                                (no ring)

@: no status effects
A: almost no armour, amphibious, 8 rings, camouflage 1, gelatinous body 1,
(nimble swimmer 1), tentacles
a: no special abilities


You were on level 3 of the Dungeon.
You visited 1 branch of the dungeon, and saw 3 of its levels.

You collected 158 gold pieces.

Inventory:

Hand Weapons
 a - a +1 rapier (weapon)
 g - a +1 vampiric dagger
Armour
 b - a +0 buckler (worn)
Potions
 c - a potion of cancellation {unknown}
 d - a potion of curing {unknown}
 h - a potion of heal wounds {unknown}
 i - a potion of haste {unknown}
 l - a potion of attraction {unknown}


   Skills:
 * Level 4.2 Fighting
 * Level 3.6 Short Blades
 * Level 4.0 Dodging
 + Level 2.0 Stealth
 * Level 3.7 Shields


You had 5 spell levels left.
You didn't know any spells.
Your spell library contained the following spells:

 Spells                   Type           Power      Damage    Failure   Level
 Freeze                   Ice            0%         1d3       45%         1
 Frozen Ramparts          Ice            0%         1d2       83%         3
 Hailstorm                Conj/Ice       0%         3d3       99%         4


Dungeon Overview and Level Annotations

Branches:
Dungeon (3/15)

Altars:
Nemelex Xobeh


Innate Abilities, Weirdness & Mutations

You cannot wear most types of armour.
You are amphibious.
You can wear up to eight rings at the same time.
Your skin changes colour to match your surroundings (Stealth+).
Your rubbery body absorbs attacks. (AC +1, EV +1)
((You are camouflaged when in or above water. (Stealth+)))
You have tentacles for arms and can constrict up to eight enemies at once.


Message History

An orc comes into view. It is wielding a +1 vorpal falchion.
Found a sapphire potion.
There is an open door here.
The helpless orc fails to defend itself.
You impale the orc!!
You kill the orc!
No target in view!
d - a sapphire potion
Things that are here:
a +1 vorpal falchion; an orc corpse You open the door.
There is an open door here.
You open the door.
There is an open door here.
You open the door.
An ice beast and a hobgoblin come into view.
There is an open door here.
The helpless hobgoblin fails to defend itself.
You impale the hobgoblin!!
You kill the hobgoblin!
Okay, then.
You closely miss the ice beast. The ice beast hits you.
The ice beast freezes you.
You hit the ice beast. Your squeeze misses the ice beast.
The ice beast is lightly wounded.
The ice beast hits you. The ice beast freezes you!
You closely miss the ice beast.
The ice beast is lightly wounded.
The ice beast hits you. The ice beast freezes you!
* * * LOW HITPOINT WARNING * * *
You closely miss the ice beast.
The ice beast is lightly wounded.
The ice beast hits you.
* * * LOW HITPOINT WARNING * * *
The ice beast freezes you.
* * * LOW HITPOINT WARNING * * *
There is an open door here.
There is an open door here.
You open the door. The ice beast hits you.
You die...

+###+###'### ##
#.......#..# ####.
#.......#..# . .....
+###+###'..+ ......
+.#..# #.##.# #.#..#
.#.##.# #.'##+
....... #)#Y.# #.#
.#.#.## +.#.@# #..
.#.....
+###+###'..'.#
#.##.#.#.#.
#.......#..###
#.##...#...
#.......#..#
#.##.#....(
+###+###'#####
##....#.#.(. #.....#
#..##.......
#####.###..##.#.##.#
#..##...........
##.....##.###.##


You could see an ice beast.

Vanquished Creatures
  2 orc priests (D:3)
  Natasha (thrice) (D:2)
  An orc wizard (D:3)
  Robin (D:2)
  2 adders
  An adder skeleton (D:2)
  A worm (D:2)
  2 dart slugs
  3 orcs (D:3)
  4 ball pythons
  4 endoplasms
  2 giant cockroaches
  8 hobgoblins
  2 kobolds
  2 quokkas
  6 bats
  2 frilled lizards (D:2)
  11 goblins
  5 rats
62 creatures vanquished.

Notes
Turn   | Place    | Note
-------+----------+-------------------------------------------
     0 | D:1      | Grognak the Octopode Fighter began the quest for the Orb.
     0 | D:1      | Reached XP level 1. HP: 16/16 MP: 1/1
    90 | D:1      | Reached XP level 2. HP: 21/21 MP: 2/2
   566 | D:1      | Found a faded altar of an unknown god.
   899 | D:2      | Reached XP level 3. HP: 26/26 MP: 3/3
   908 | D:2      | Noticed Robin
   917 | D:2      | Killed Robin
  1107 | D:2      | Noticed Natasha
  1114 | D:2      | Killed Natasha
  1115 | D:2      | Reached XP level 4. HP: 11/33 MP: 4/4
  1704 | D:2      | Found a sparkling altar of Nemelex Xobeh.
  1922 | D:2      | Noticed Natasha
  1929 | D:2      | Killed Natasha
  1930 | D:2      | Reached skill level 1 in Stealth
  1930 | D:2      | Reached XP level 5. HP: 37/37 MP: 5/5
  2184 | D:2      | Noticed Natasha
  2192 | D:2      | Killed Natasha
  2437 | D:3      | Reached XP level 6. HP: 18/43 MP: 6/6
  2692 | D:3      | Noticed an ice beast
  2701 | D:3      | HP: 2/43 [ice beast (5)]
  2709 | D:3      | Slain by an ice beast

Illustrated notes

Levels and vault maps discovered:
D:1:      eino_arrival_druids_welcome, layout_basic,
          shapermc_ecumenical_altar_flowoftime
D:2:      layout_loops_ring, basic_altar, hangedman_glass_teeth,
          chequers_serial_rivers_micro_e, kennysheep_generic_room_16,
          uniq_robin, uniq_natasha
D:3:      layout_rooms, mainiacjoe_overflow_24_doors,
          mainiacjoe_overflow_alcove_4, minmay_diced_spiral

Skill      XL: |  1  2  3  4  5 |
---------------+----------------+-----
Fighting       | 4 |  4.2
Stealth        | 1 2 |  2.0
Short Blades   | 3 |  3.6
Dodging        | 4 |  4.0
Shields        | |  3.7

Action                   |  1- 3 |  4- 6 || total
-------------------------+-------+-------++-------
Melee: Rapier            |    49 |     6 ||    55
       Constrict         |    15 |    14 ||    29
       Tentacles         |    10 |    22 ||    32
       Dagger            |    13 |    73 ||    86
       Punch             |       |     2 ||     2
  Use: Potion            |     1 |     1 ||     2
       Scroll            |       |     6 ||     6
 Stab: Sleeping          |     4 |     5 ||     9
Armor: Skin              |    11 |     2 ||    13
Dodge: Dodged            |    34 |    35 ||    69
Block: Buckler           |     6 |    10 ||    16

Table legend: (Time is in decaauts)
 A = Elapsed time spent in this place.
 B = Non-inter-level travel time spent in this place.
 C = Inter-level travel time spent in this place.
 D = Time resting spent in this place.
 E = Time spent auto-exploring this place.
 F = Levels seen in this place.
 G = Mean time per level.
                   A        B        C        D        E       F      G
               +--------+--------+--------+--------+--------+-----+--------+
         Total |   2706 |   2650 |     56 |      0 |   2172 |   3 |  902.0 |
       Dungeon |   2706 |   2650 |     56 |      0 |   2172 |   3 |  902.0 |
               +--------+--------+--------+--------+--------+-----+--------+

Top non-repeatable levels by time:
     D:2: 1471 daAuts
     D:1: 882 daAuts
     D:3: 353 daAuts
